Map: Acropolis LE

Players

DPGPartinG (PartinG)

  • Race: Protoss Protoss
  • Spawn Location: 5:00

GOReynor (Reynor) - Winner!

  • Race: Zerg Zerg
  • League: Master
  • Spawn Location: 11:00

Event: HomeStory Cup XX

VOD

Have the link to the VOD?

Description

Time

  • Played on: Nov. 21, 2019, 11:49 a.m.
  • Length: 11:36

All games in this series

Show
View Real Time Build Order
Export as new Build Order

DPGPartinG Protoss 

Build Orders: 1 Gate Expand, Zealot Archon, Archon Drop, Dark Templar Rush 

Get SALT Encoding   

  12  0:00  Probe  
  13  0:12  Probe  
  14  0:18  Pylon  
  14  0:24  Probe  
  14  0:27  Assimilator  
  15  0:33  Probe  
  15  0:42  Probe, Gateway  
  17  0:51  Probe  
  18  1:04  Probe  
  19  1:16  Probe  
  20  1:23  Nexus  
  20  1:32  Cybernetics Core  
  20  1:35  Probe  
  21  1:41  Assimilator  
  21  1:47  Probe  
  21  1:50  Pylon  
  22  1:59  Stalker, Probe, Warp Gate  
  23  2:12  Probe  
  26  2:17  Twilight Council  
  26  2:24  Probe  
  27  2:32  Probe, Robotics Facility  
  27  2:36  Probe  
  29  2:40  Probe  
  30  2:48  Probe  
  31  2:51  Probe  
  32  2:59  Dark Shrine  
  32  3:05  Gateway  
  32  3:08  Warp Prism  
  32  3:09  Gateway  
  33  3:19  Probe  
  35  3:24  Probe  
  36  3:30  Probe  
  36  3:31  Pylon  
  37  3:34  Assimilator  
  37  3:36  Probe  
  37  3:37  Assimilator  
  37  3:38  Probe  
  38  3:47  Probe  
  39  3:48  Probe  
  41  3:56  Observer  
  41  3:58  Probe  
  41  4:00  Probe  
  44  4:10  Probe  
  44  4:11  Dark Templar x3  
  44  4:12  Probe  
  52  4:22  Probe  
  53  4:25  Probe  
  53  4:27  Pylon  
  53  4:30  Pylon  
  54  4:41  Pylon  
  54  4:45  Dark Templar x2, Probe x2  
  60  4:46  Dark Templar  
  60  4:51  Pylon  
  62  4:57  Probe x2  
  62  5:07  Pylon  
  62  5:08  Gateway  
  62  5:10  Pylon  
  62  5:11  Sentry x2  
  66  5:28  Archon  
  66  5:29  Archon  
  66  5:31  Probe x2  
  66  5:32  Nexus  
  66  5:34  Immortal  
  64  5:39  Blink  
  64  5:42  Sentry  
  70  5:45  Probe x2  
  70  5:46  Pylon  
  70  5:49  Shield Battery  
  72  5:55  Forge  
  72  6:01  Gateway x2  
  72  6:03  Stalker  
  74  6:06  Probe x2  
  74  6:09  Sentry  
  78  6:13  Immortal  
  82  6:20  Probe x2  
  84  6:32  Probe x2, Gateway  
  86  6:34  Photon Cannon  
  86  6:37  Sentry x2  
  90  6:42  Protoss Ground Weapons Level 1  
  90  6:44  Probe x2  
  92  6:47  Pylon  
  92  6:48  Gateway  
  92  6:52  Probe  
  92  6:56  Probe x2  
  94  7:02  Zealot x2  
  94  7:04  Zealot x2  
  98  7:16  Pylon x2  
  94  7:26  Stalker x3  
  94  7:28  Gateway  
  100  7:30  Probe  
  100  7:31  Probe  
  102  7:38  Probe  
  102  7:42  Photon Cannon  
  103  7:44  Photon Cannon  
  103  7:46  Charge  
  103  7:50  Templar Archives  
  103  7:51  Probe x2  
  105  7:52  Assimilator  
  105  7:57  Assimilator, Stalker x2  
  109  8:04  Zealot  
  111  8:06  Stalker x3  
  111  8:10  Photon Cannon  
  117  8:14  Probe x2  
  117  8:15  Probe  
  120  8:21  Immortal, Stalker x2  
  124  8:28  Gateway  
  124  8:37  Protoss Ground Weapons Level 2  
  124  8:44  Psionic Storm  
  124  8:46  Stalker x4  
  132  8:49  Pylon x2  
  132  8:50  Warp Prism  
  122  9:07  Zealot  
  120  9:14  Stalker x4  
  128  9:20  Observer  
  128  9:24  Dark Templar  
  128  9:26  Zealot  
  128  9:30  Stalker  
  127  9:34  Nexus  
  127  9:35  Pylon  
  127  9:39  Stalker x2  
  127  9:41  Observer  
  127  9:43  High Templar x2  
  130  9:57  Zealot x3  
  136  10:00  Observer  
  136  10:03  Zealot x2  
  129  10:15  High Templar  
  131  10:21  High Templar  
  131  10:25  Pylon  
  131  10:26  Pylon  
  131  10:27  Pylon  
  133  10:29  Observer  
  124  10:35  Zealot x4  
  124  10:36  Zealot  
  128  10:45  Archon  
  128  10:48  Zealot  
  118  10:51  Observer  
  118  10:56  Observer  
  102  10:58  Zealot x6  
  107  11:15  High Templar  
  107  11:20  High Templar x3  
  93  11:27  Archon, Zealot x3  
Show
View Real Time Build Order
Export as new Build Order

GOReynor Zerg - Winner!

Build Orders: Hatch First, Lurkers, Roach Hydra 

Get SALT Encoding   

  12  0:00  Drone  
  13  0:12  Overlord  
  13  0:17  Drone  
  14  0:30  Drone x2  
  16  0:48  Hatchery  
  15  0:51  Drone  
  15  0:55  Drone  
  17  0:58  Drone  
  18  1:09  Extractor  
  17  1:14  Spawning Pool  
  17  1:17  Drone  
  17  1:20  Drone  
  18  1:27  Drone  
  19  1:38  Drone  
  20  1:50  Overlord  
  20  2:00  Queen x2  
  24  2:01  Drone  
  24  2:03  Zergling x2  
  26  2:11  Drone x2  
  28  2:21  Drone x2  
  30  2:27  Hatchery  
  29  2:35  Drone  
  29  2:36  Pneumatized Carapace  
  30  2:38  Drone  
  30  2:43  Overlord  
  31  2:45  Drone  
  32  2:51  Queen  
  32  2:54  Drone  
  32  2:56  Drone  
  36  3:04  Drone x2  
  38  3:11  Metabolic Boost  
  38  3:13  Drone x2  
  38  3:14  Drone  
  38  3:16  Zergling x2  
  42  3:21  Overlord  
  42  3:26  Drone  
  43  3:33  Overlord  
  43  3:38  Queen  
  43  3:40  Zergling x2  
  43  3:41  Zergling x8  
  50  3:42  Drone x2  
  50  3:43  Drone  
  50  3:48  Queen  
  53  3:50  Drone x2  
  53  3:52  Drone  
  58  3:57  Zergling x2  
  58  4:01  Spore Crawler x2, Drone  
  58  4:03  Zergling x2  
  58  4:07  Zergling x2  
  58  4:09  Lair  
  60  4:11  Zergling x2  
  60  4:13  Zergling x4  
  60  4:16  Overlord  
  63  4:19  Zergling x4  
  63  4:27  Zergling x4  
  63  4:30  Overlord  
  65  4:36  Drone x5  
  65  4:37  Roach Warren  
  69  4:42  Overlord  
  69  4:46  Drone x3  
  69  4:47  Zergling x2  
  69  4:52  Zergling x2  
  74  4:56  Zergling x2, Queen  
  74  4:57  Queen  
  74  4:59  Zergling x2  
  79  5:02  Zergling x6  
  79  5:03  Zergling x4  
  79  5:06  Overseer  
  80  5:07  Overlord  
  80  5:13  Extractor, Zergling x6  
  80  5:14  Zergling x2  
  82  5:15  Extractor  
  82  5:21  Drone x3  
  82  5:26  Overlord  
  84  5:32  Drone x2  
  84  5:35  Glial Reconstitution  
  86  5:39  Drone  
  86  5:40  Roach x2  
  91  5:43  Overseer  
  91  5:45  Roach  
  91  5:46  Drone  
  92  5:51  Drone  
  92  5:53  Evolution Chamber  
  92  5:55  Overseer  
  96  5:57  Roach x2  
  96  6:01  Overlord  
  96  6:05  Extractor  
  96  6:06  Drone x6  
  96  6:09  Roach x2  
  105  6:13  Drone  
  105  6:17  Overlord  
  106  6:19  Overlord  
  106  6:20  Drone x3  
  106  6:21  Zerg Missile Weapons Level 1  
  109  6:30  Roach x2  
  109  6:32  Drone  
  114  6:35  Overlord  
  114  6:37  Extractor  
  114  6:39  Overlord  
  113  6:46  Drone x2  
  116  6:47  Drone  
  116  6:48  Drone x2  
  116  6:49  Drone  
  116  6:51  Extractor, Drone x2, Roach x3  
  126  6:55  Roach  
  126  6:57  Roach  
  131  7:01  Roach  
  131  7:02  Hydralisk Den  
  131  7:06  Roach x4  
  137  7:13  Roach x2  
  137  7:14  Drone  
  133  7:24  Overlord  
  133  7:29  Drone x2  
  130  7:30  Drone  
  130  7:32  Muscular Augments  
  130  7:33  Lurker Den  
  128  7:40  Hydralisk x5  
  128  7:43  Drone  
  139  7:46  Hydralisk x2  
  139  7:49  Hatchery, Overlord  
  141  7:53  Drone  
  141  7:54  Drone x3  
  141  7:56  Hydralisk  
  146  8:00  Overlord  
  146  8:04  Drone, Hydralisk x2  
  151  8:08  Overlord  
  151  8:12  Hydralisk x2  
  150  8:18  Zerg Missile Weapons Level 2  
  154  8:23  Zergling x14  
  161  8:33  Lurker x2  
  163  8:36  Lurker, Overlord  
  163  8:38  Zergling x10  
  167  8:43  Grooved Spines  
  165  8:53  Lurker x3  
  165  8:55  Zergling x18  
  175  9:00  Hydralisk  
  175  9:01  Hydralisk  
  175  9:03  Zergling x4  
  175  9:04  Zergling x2  
  175  9:09  Extractor  
  167  9:12  Hydralisk x4  
  168  9:18  Overseer  
  168  9:23  Hydralisk x2  
  168  9:24  Zergling x12  
  169  9:27  Queen  
  169  9:28  Hydralisk x2  
  169  9:29  Zergling x2  
  174  9:32  Hydralisk  
  174  9:34  Overlord  
  173  9:49  Overlord  
  173  9:51  Hydralisk  
  175  9:55  Hydralisk x4  
  175  9:57  Overlord  
  182  10:09  Hydralisk x10  
  182  10:12  Zergling x4  
  178  10:21  Hydralisk x2  
  178  10:22  Zergling x4  
  182  10:31  Infestation Pit  
  182  10:32  Hydralisk x4  
  180  10:40  Hydralisk  
  178  10:45  Hydralisk x4  
  178  10:46  Zergling x4  
  184  10:52  Hydralisk  
  184  10:53  Hydralisk  
  184  10:54  Zergling x2  
  184  10:56  Hydralisk  
  185  11:00  Hydralisk  
  185  11:01  Zergling x4  
  178  11:06  Hydralisk  
  178  11:07  Zergling x4  
  178  11:09  Drone  
  178  11:10  Drone x2  
  185  11:19  Overseer  
Tags
 
Add a new tag
Caveats
  • Supply blocks, unpowered buildings, or Contaminate may cause inaccurate times.
  • Supply counts are checked every 10 seconds.